 Dungeon Crawl Stone Soup version 0.27.1-4-g1640c2035a (webtiles) character file.

Game seed: 5982769765090284203

261 JonathMagnus the Caller (level 5, -1/40 HPs)
             Began as a Draconian Summoner on Nov 17, 2021.
             Slain by a two-headed ogre (9 damage)
             ... on level 4 of the Dungeon.
             The game lasted 00:17:59 (5140 turns).

JonathMagnus the Caller (Draconian Summoner)        Turns: 5140, Time: 00:18:00

Health: -1/40      AC:  5    Str: 10    XL:     5   Next: 96%
Magic:  4/9        EV: 12    Int: 17    God:
Gold:   231        SH:  5    Dex: 17    Spells: 3/10 levels left

rFire    . . .     SeeInvis .   t - +0 trident (vamp)
rCold    . . .     Faith    .   (no shield)
rNeg     . . .     Spirit   .   (armour unavailable)
rPois    .         Reflect  +   (helmet restricted)
rElec    .         Harm     .   (no cloak)
rCorr    .         Rampage  .   (no gloves)
Will     .....                  (no boots)
Stlth    ++........             o - amulet of reflection
HPRegen  0.13/turn              v - +6 ring of dexterity
MPRegen  0.11/turn              (no ring)

@: no status effects
A: AC +5, unfitting armour, cold-blooded
a: no special abilities


You were on level 4 of the Dungeon.
You visited 1 branch of the dungeon, and saw 4 of its levels.

You collected 231 gold pieces.

Inventory:

Hand Weapons
 b - a +0 dagger
 e - a +0 short sword
 g - a +0 spear
 m - a +0 falchion
 q - a +0 mace
 t - a +0 vampiric trident (weapon)
Missiles
 i - 17 poisoned darts
 s - a throwing net
Magical Staves
 l - a staff of cold
Jewellery
 n - a ring of see invisible
 o - an amulet of reflection (around neck)
 v - a +6 ring of dexterity (left hand)
Scrolls
 d - 3 scrolls of teleportation
 f - 2 scrolls of identify {unknown}
 j - a scroll of enchant armour {unknown}
 k - a scroll of blinking {unknown}
 r - a scroll of brand weapon {unknown}
 w - a scroll of noise {unknown}
Potions
 a - 2 potions of lignification {unknown}
 c - a potion of curing {unknown}
 h - 2 potions of berserk rage {unknown}
 p - a potion of flight {unknown}
 u - a potion of haste {unknown}


   Skills:
 + Level 1.2 Fighting
 + Level 0.3 Short Blades
 + Level 2.0 Polearms
 + Level 2.2 Dodging
 + Level 2.3 Stealth
 + Level 0.7 Shields
 + Level 0.1 Unarmed Combat
 + Level 3.3 Spellcasting
 + Level 5.0 Summonings
 * Level 1.2 Ice Magic


You had 3 spell levels left.
You knew the following spells:

 Your Spells              Type           Power      Damage    Failure   Level
a - Summon Small Mammal   Summ           76%        N/A       2%          1
b - Call Canine Familiar  Summ           19%        N/A       6%          3
c - Summon Guardian Gole  Hex/Summ       11%        N/A       19%         3

Your spell library contained the following spells:

 Spells                   Type           Power      Damage    Failure   Level
 Call Imp                 Summ           19%        N/A       3%          2
 Summon Lightning Spire   Summ/Air       11%        N/A       52%         4


Dungeon Overview and Level Annotations

Branches:
Dungeon (4/15)
 Temple: D:4-7

Altars:
Cheibriados
Dithmenos
Fedhas
Hepliaklqana
Qazlal


Innate Abilities, Weirdness & Mutations

Your plain brown scales are hard. (AC +5)
You cannot fit into any form of body armour.
You are cold-blooded and may be slowed by cold attacks.


Message History

Casting: Call Canine Familiar (dangerous; 6% risk of failure)
Confirm with . or Enter, or press ? or * to list all spells.
Your hound barely misses the two-headed ogre.
The two-headed ogre hits you with a +0 giant club!!
Ouch! That really hurt!
* * * LOW HITPOINT WARNING * * *
You block the two-headed ogre's attack.
You swap places.
Your bat hits the two-headed ogre.
Your hound barely misses the two-headed ogre.
The ball python misses your hound. The ball python grabs your hound.
The ball python constricts your hound.
Your hound barely misses the two-headed ogre.
You see here 8 gold pieces.
The two-headed ogre barely misses your bat.
The two-headed ogre hits your bat with a +0 giant club!
Your bat dies!
Your bat's corpse disappears in a puff of smoke!
Casting: Summon Small Mammal (safe; 2% risk of failure)
Confirm with . or Enter, or press ? or * to list all spells.
Your hound barely misses the two-headed ogre.
Your hound bites the two-headed ogre.
Your hound bites the two-headed ogre.
The ball python bites your hound but does no damage.
The ball python grabs your hound. The ball python constricts your hound.
Your hound bites the two-headed ogre.
The ball python bites your hound. The ball python constricts your hound.
Your hound struggles to escape constriction.
The ball python loses its grip on your hound.
The ball python barely misses your hound. x2
Your hound barely misses the two-headed ogre.
Your hound barely misses the two-headed ogre.
Casting: Call Canine Familiar (dangerous; 6% risk of failure)
Confirm with . or Enter, or press ? or * to list all spells.
Okay, then.
Unknown command.
Your hound bites the two-headed ogre.
Your hound bites the two-headed ogre.
Your hound bites the two-headed ogre.
The two-headed ogre hits you with a +0 giant club!
You die...

....#.#.# #.######........#.....#
#.<.#.#.###.#...##..............#
....................#####........
....#.###.................#......
#####.# #.........#...#...#......
#####.# #........S#.....#.######$
......####.....#h##.#.#...##..b..
......'.......#.O.#.......##...ยง.
......####......@.#.....####..S..
########......#.........##....#..
#....#####...######....#..
#....).......# <..# #.#
#....#...#.)..## ... ##
#.#..#........# .# #.#..#.#.#....#
# #..#........# .^ #..#...#.#


You could see a two-headed ogre (ally target), a ball python and a friendly
hound (summoned).

Vanquished Creatures
  Robin (D:3)
  An adder (D:3)
  2 worms (D:2)
  A dart slug (D:2)
  4 ball pythons
  3 endoplasms
  16 goblins
  3 hobgoblins (D:2)
  2 jackals (D:1)
  8 kobolds
  A quokka (D:1)
  3 bats
  3 frilled lizards
  3 rats
51 creatures vanquished.

Vanquished Creatures (collateral kills)
  Sigmund (D:4)
  A scorpion (D:3)
  4 adders
  A worm (D:2)
  2 dart slugs
  3 orcs (D:4)
  2 bats (D:2)
  An endoplasm (D:3)
  2 giant cockroaches
  5 goblins
  4 hobgoblins
  2 jackals (D:1)
  A quokka (D:3)
  2 ball pythons
  A rat (D:1)
32 creatures vanquished.

Vanquished Creatures (others)
  Crazy Yiuf (D:2)
1 creature vanquished.

Grand Total: 84 creatures vanquished

Notes
Turn   | Place    | Note
-------+----------+-------------------------------------------
     0 | D:1      | JonathMagnus the Draconian Summoner began the quest for the
                  | Orb.
     0 | D:1      | Reached XP level 1. HP: 14/14 MP: 3/3
   820 | D:1      | Reached XP level 2. HP: 20/20 MP: 1/5
  1432 | D:2      | Found a faded altar of an unknown god.
  1686 | D:2      | Found a runed translucent door.
  1695 | D:2      | Noticed Crazy Yiuf
  1837 | D:2      | Reached XP level 3. HP: 23/26 MP: 4/6
  1848 | D:2      | Learned a level 3 spell: Call Canine Familiar
  1941 | D:2      | HP: 1/26 [worm (10)]
  2569 | D:2      | Reached skill level 1 in Polearms
  3087 | D:3      | Found a shadowy altar of Dithmenos.
  3352 | D:3      | Noticed Robin
  3356 | D:3      | Reached XP level 4. HP: 28/34 MP: 3/7
  3372 | D:3      | Killed Robin
  3480 | D:3      | Learned a level 3 spell: Summon Guardian Golem
  3558 | D:3      | Found a stormy altar of Qazlal.
  3558 | D:3      | Noticed a scorpion
  3567 | D:3      | Killed a scorpion
  3740 | D:3      | Found a blossoming altar of Fedhas.
  3962 | D:2      | Killed Crazy Yiuf
  3963 | D:2      | Reached XP level 5. HP: 39/39 MP: 3/9
  4556 | D:3      | Found a snail-covered altar of Cheibriados.
  4662 | D:4      | Reached skill level 1 in Fighting
  4674 | D:4      | Noticed Sigmund
  4724 | D:4      | Killed Sigmund
  4725 | D:4      | Reached skill level 5 in Summonings
  4725 | D:4      | Reached skill level 1 in Ice Magic
  4901 | D:4      | Found a faded altar of an unknown god.
  4902 | D:4      | Found a hazy altar of Hepliaklqana.
  4903 | D:4      | Found a faded altar of an unknown god.
  5112 | D:4      | Noticed a two-headed ogre
  5140 | D:4      | Slain by a two-headed ogre

Illustrated notes

Levels and vault maps discovered:
D:1:      elethiomel_arrival_maze, layout_basic
D:2:      minmay_inner_zag, layout_basic, chequers_ecumenical_altar_twisty,
          minmay_goblin_outpost, uniq_crazy_yiuf_cottage
D:3:      layout_loops_ring, nicolae_qazlal_eye_of_the_storm,
          nicolae_dithmenos_shadow_blocks, mainiacjoe_overflow_paths,
          marbit_many_paths, uniq_robin
D:4:      layout_basic, nicolae_hepliaklqana_ecumenical_no_more,
          minmay_temple_entry_arrows, hangedman_decor_lopped,
          mrwooster_statue_mirror, uniq_edmund, uniq_sigmund

Skill      XL: |  1  2  3  4  5 |
---------------+----------------+-----
Dodging        | 2 |  2.2
Polearms       | 1 2 |  2.0
Stealth        | 2 |  2.3
Fighting       | 1 |  1.2
Spellcasting   | 3 |  3.3
Summonings     | 5 |  5.0
Ice Magic      | 1 |  1.2
Short Blades   | |  0.3
Shields        | |  0.7
Unarmed Combat | |  0.1

Action                   |  1- 3 |  4- 6 || total
-------------------------+-------+-------++-------
Melee: Unarmed           |    35 |       ||    35
       Tailslap          |    12 |     5 ||    17
       Spear             |    85 |    51 ||   136
       Dagger            |    18 |       ||    18
       Short sword       |    10 |       ||    10
       Trident           |       |     8 ||     8
 Cast: Summon Small Mamm |    53 |     3 ||    56
       Call Canine Famil |     3 |    11 ||    14
       Summon Guardian G |       |     2 ||     2
  Use: Scroll            |       |     1 ||     1
 Stab: Sleeping          |     1 |     1 ||     2
Armor: Skin              |    59 |    18 ||    77
Dodge: Dodged            |   109 |    32 ||   141
Block: Other             |       |    17 ||    17
